 Dungeon Crawl Stone Soup version 0.21.1-1-g345015f (webtiles) character file.

134 shakethe the Chopper (level 5, -4/45 HPs)
             Began as a Hill Orc Abyssal Knight on Feb 5, 2018.
             Was a Believer of Lugonu.
             Slain by shakethe's ghost (8 damage)
             ... on level 3 of the Dungeon.
             The game lasted 00:05:24 (3097 turns).

shakethe the Chopper (Hill Orc Abyssal Knight)      Turns: 3097, Time: 00:05:25

Health: -4/45      AC:  3    Str: 16    XL:     5   Next: 17%
Magic:  6/6        EV: 11    Int: 12    God:    Lugonu [**....]
Gold:   32         SH:  0    Dex: 10    Spells: 4/4 levels left

rFire    . . .     SeeInvis .   o - +2 hand axe (freeze)
rCold    . . .     Gourm    .   (no shield)
rNeg     . . .     Faith    .   b - +0 leather armour
rPois    .         Spirit   .   (no helmet)
rElec    .         Reflect  .   (no cloak)
rCorr    .         Harm     .   (no gloves)
MR       .....                  (no boots)
Stlth    +.........             (no amulet)
HPRegen  0.15/turn              (no ring)
MPRegen  0.10/turn              (no ring)

@: drained
A: no striking features
a: Depart the Abyss, Bend Space, Renounce Religion


You were on level 3 of the Dungeon.
You worshipped Lugonu.
Lugonu was pleased with you.
You were not hungry.

You visited 1 branch of the dungeon, and saw 4 of its levels.
You visited the Abyss 1 time.

You collected 32 gold pieces.

Inventory:

Hand Weapons
 a - a +1 hand axe
 m - a +2 quarterstaff of chaos
 o - a +2 hand axe of freezing (weapon)
Armour
 b - a +0 leather armour (worn)
 n - a +0 cloak
Wands
 i - a wand of polymorph (19)
Scrolls
 e - a scroll of magic mapping {unknown}
 f - 2 scrolls of teleportation {unknown}
 g - 2 scrolls of remove curse {unknown}
 h - a scroll of blinking {unknown}
 j - 3 scrolls of identify {unknown}
 l - a scroll of immolation {unknown}
Potions
 d - a potion of heal wounds
 k - a potion of magic {unknown}
Comestibles
 c - 2 rations


   Skills:
 - Level 3.6(3.4) Fighting
 * Level 6.9(6.7) Axes
 - Level 2.1(2.0) Armour
 - Level 0.7(0.6) Dodging
 - Level 2.4(2.2) Invocations


You had 4 spell levels left.
You didn't know any spells.

Dungeon Overview and Level Annotations

Branches:
Dungeon (4/15)
 Temple: D:4-7

Altars:
Zin

Annotations:
D:3 shakethe's ghost, amateur DsBe


Message History

You hit shakethe's ghost. You freeze shakethe's ghost.
Shakethe's ghost is lightly damaged.
Shakethe's ghost hits you!
You hit shakethe's ghost but do no damage.
Shakethe's ghost is lightly damaged.
Shakethe's ghost hits you.
You hit shakethe's ghost but do no damage.
Shakethe's ghost is lightly damaged.
Shakethe's ghost hits you!
You hit shakethe's ghost but do no damage.
Shakethe's ghost is lightly damaged.
Shakethe's ghost hits you!
* * * LOW HITPOINT WARNING * * *
You hit shakethe's ghost but do no damage.
Shakethe's ghost is lightly damaged.
Shakethe's ghost screams in joy, "As in life, so in death: Kill!
Kill!!
Kill!!!"
Shakethe's ghost hits you.
* * * LOW HITPOINT WARNING * * *
Shakethe's ghost hits you!
You die...

......######....#########......##
###...##........%..........#####
...>W....##.#......#####..##
###................# #..#
..........#%...)...# ###..#
.......%#..........###....#
........##$##.)........##.######.
...........##...W.>..............
########.).#....@..#..###...####.
...........##.# ###.#
.....#......##... .#
..###......###### ## .. ......###
######.. ###


You could see shakethe's ghost.

Vanquished Creatures
  Crazy Yiuf (D:2)
  2 adders (D:2)
  2 oozes (D:1)
  4 worms (D:2)
  3 dart slugs
  2 leopard geckos
  An orc (D:3)
  A ball python (D:1)
  A giant cockroach (D:1)
  5 goblins
  12 hobgoblins
  A quokka (D:4)
  8 bats
  5 frilled lizards
  6 kobolds
  5 rats
59 creatures vanquished.

Notes
Turn   | Place    | Note
-------+----------+-------------------------------------------
     0 | Abyss:1  | shakethe the Hill Orc Abyssal Knight began the quest for the Orb.
     0 | Abyss:1  | Reached XP level 1. HP: 19/19 MP: 2/2
    50 | Abyss:1  | Noticed an orange demon
    51 | Abyss:1  | Noticed a worldbinder
    51 | D:1      | Escaped the Abyss
   145 | D:1      | Reached * piety under Lugonu
   145 | D:1      | Reached skill level 3 in Axes
   180 | D:1      | Reached XP level 2. HP: 17/26 MP: 3/3
   219 | D:1      | Reached skill level 4 in Axes
   546 | D:1      | Reached XP level 3. HP: 31/31 MP: 4/4
   711 | D:1      | Reached skill level 5 in Axes
  1023 | D:2      | Reached XP level 4. HP: 35/39 MP: 5/5
  1418 | D:2      | Found a runed door.
  1467 | D:2      | Reached ** piety under Lugonu
  1467 | D:2      | Reached skill level 6 in Axes
  1671 | D:2      | Found a glowing silver altar of Zin.
  2017 | D:2      | Noticed Crazy Yiuf
  2031 | D:2      | HP: 1/39 [Crazy Yiuf/quarterstaff of chaos (2)]
  2033 | D:2      | Killed Crazy Yiuf
  2033 | D:2      | Reached XP level 5. HP: 2/45 MP: 6/6
  2533 | D:3      | Noticed shakethe's ghost (amateur DsBe)
  2552 | D:3      | HP: 1/45 [shakethe's ghost (10)]
  3097 | D:3      | Slain by shakethe's ghost

Skill      XL: |  1  2  3  4 |
---------------+-------------+-----
Axes           | 3 4 5 6 |  6.9
Fighting       | |  3.6
Armour         | |  2.1
Dodging        | |  0.7
Invocations    | |  2.4

Action                   |  1- 3 |  4- 6 || total
-------------------------+-------+-------++-------
Melee: Hand axe          |   109 |   129 ||   238
Invok: Depart the Abyss  |     1 |       ||     1
       Bend Space        |       |     1 ||     1
  Use: Potion            |       |     1 ||     1
  Eat: Chunk             |       |     6 ||     6
       Ration            |       |     1 ||     1
Armor: Leather armour    |    32 |    11 ||    43
Dodge: Dodged            |    73 |    56 ||   129
